 Dungeon Crawl Stone Soup version 0.31-a0-7-g51783674b7 (webtiles) character file.

Game seed: 4127367140292898734

18 Esekla the Grave Robber (level 2, -2/20 HPs)
             Began as a Demonspawn Wanderer on May 5, 2023.
             Slain by an adder (4 damage)
             ... on level 2 of the Dungeon.
             The game lasted 00:04:49 (762 turns).

Esekla the Grave Robber (Demonspawn Wanderer)        Turns: 762, Time: 00:04:50

Health: -2/20      AC:  4    Str: 11    XL:     2   Next: 48%
Magic:  3/3        EV: 11    Int: 13    God:
Gold:   80         SH:  0    Dex: 13    Spells: 2/3 levels left

rFire   . . .        a - +0 quarterstaff
rCold   . . .        (shield currently unavailable)
rNeg    . . .        e - +0 robe
rPois   .            (no helmet)
rElec   .            (no cloak)
rCorr   .            (no gloves)
SInv    .            (no boots)
Will    .....        (no amulet)
Stlth   ++           (no ring)
HPRegen 0.23/turn    (no ring)
MPRegen 0.08/turn

%: no passive effects
@: attractive
A: yellow scales 1
a: no special abilities


You were on level 2 of the Dungeon.
You visited 1 branch of the dungeon, and saw 2 of its levels.

You collected 80 gold pieces.

Inventory:

Hand Weapons
 a - a +0 quarterstaff (weapon)
 c - a +0 dagger
 g - a +0 dagger
Missiles
 b - 6 boomerangs (quivered)
Armour
 e - a +0 robe (worn)
Scrolls
 d - a scroll of fog {unknown}
 f - a scroll of enchant armour {unknown}
 h - 3 scrolls of identify {unknown}
 i - a scroll of enchant weapon {unknown}
 j - a scroll of magic mapping {unknown}
 k - a scroll of blinking {unknown}
Potions
 l - a potion of attraction


   Skills:
 * Level 0.7 Fighting
 + Level 1.1 Staves
 + Level 1.0 Throwing
 + Level 1.0 Armour
 + Level 1.0 Dodging
 + Level 1.0 Stealth
 * Level 1.1 Spellcasting
 + Level 4.9 Necromancy


You had 2 spell levels left.
You knew the following spells:

 Your Spells              Type           Power      Damage    Failure   Level
a - Kiss of Death         Conj/Necr      28%        2d7       11%         1

Your spell library contained the following spells:

 Spells                   Type           Power      Damage    Failure   Level
 Sublimation of Blood     Necr           13%        N/A       5%          2
 Vampiric Draining        Necr           13%        2d6       11%         3


Dungeon Overview and Level Annotations

Branches:
Dungeon (2/15)

Altars:


Innate Abilities, Weirdness & Mutations

You are partially covered in yellow scales. (AC +2)


Message History

You feel sick. The kobold hits you with a +0 dagger.
The adder bites you but does no damage.
Okay, then.
It was a potion of attraction.
You feel attractive to monsters.
You feel sick. The kobold hits you with a +0 dagger.
* * * LOW HITPOINT WARNING * * *
The adder bites you but does no damage.
It was a potion of curing.
You feel better. The adder bites you.
You are poisoned.
The adder poisons you! The kobold hits you but does no damage.
The adder bites you.
You hit the adder.
The adder is severely wounded.
You feel sick. The kobold barely misses you. The adder barely misses you.
The kobold hits you but does no damage.
You barely miss the adder.
The adder is severely wounded.
You feel sick. The adder bites you but does no damage. The adder bites you.
The kobold hits you but does no damage.
You miss the adder.
The adder is severely wounded.
You feel sick. The adder bites you but does no damage.
The kobold hits you with a +0 dagger. The adder misses you.
You closely miss the adder.
The adder is severely wounded.
You feel sick. The kobold closely misses you. The adder bites you.
* * * LOW HITPOINT WARNING * * *
Okay, then.
You closely miss the adder.
The adder is severely wounded.
You feel sick.
You are no longer poisoned.
The adder barely misses you. The kobold hits you but does no damage.
The adder bites you but does no damage. The kobold hits you but does no damage.
You closely miss the adder.
The adder is severely wounded.
The adder bites you but does no damage. The kobold closely misses you.
The adder bites you.
You die...

#..##### .# .#
#.(.....##..
...##.....#.#..
........#....#
#.....[#.##!#
#........#.#
#......#.#.# #
#.....##...# .#
#.....##@.# ..#
#......#SK##...#
#......##......#
######..#.##...#
##...# ..# #####
##


You could see an adder and a kobold.

Vanquished Creatures
  2 dart slugs (D:1)
  A giant cockroach (D:1)
  A goblin (D:1)
  2 hobgoblins (D:1)
  3 bats (D:1)
  A frilled lizard (D:2)
  4 kobolds
  A rat (D:1)
15 creatures vanquished.

Notes
Turn   | Place    | Note
-------+----------+-------------------------------------------
     0 | D:1      | Esekla the Demonspawn Wanderer began the quest for the Orb.
     0 | D:1      | Esekla set off with the following items: a +0 quarterstaff,
                  | 6 boomerangs, a +0 dagger, a scroll of fear, a +0 robe; and
                  | the following spell memorised: Kiss of Death; and the
                  | following spells available to memorise: Sublimation of
                  | Blood, Vampiric Draining.
     0 | D:1      | Reached XP level 1. HP: 13/13 MP: 2/2
   282 | D:1      | Gained mutation: You are partially covered in yellow
                  | scales. (AC +2) [demonic ancestry]
   282 | D:1      | Reached XP level 2. HP: 8/19 MP: 3/3
   762 | D:2      | Slain by an adder

Illustrated notes

Levels and vault maps discovered:
D:1:      dpeg_arrival_boxes_within_box, layout_rooms, minmay_cut_off
D:2:      layout_rooms

Action                     || total
---------------------------++-------
  Melee: Quarterstaff      ||    61
         Dagger            ||     1
  Throw: Boomerang         ||     1
    Use: Scroll            ||     1
         Potion            ||     2
   Stab: Sleeping          ||     1
 Armour: Robe              ||    34
  Dodge: Dodged            ||    56

Table legend: (Time is in decaauts)
 A = Elapsed time spent in this place.
 B = Non-inter-level travel time spent in this place.
 C = Inter-level travel time spent in this place.
 D = Time resting spent in this place.
 E = Time spent auto-exploring this place.
 F = Levels seen in this place.
 G = Mean time per level.
                   A        B        C        D        E       F      G
               +--------+--------+--------+--------+--------+-----+--------+
         Total |    775 |    740 |     35 |    147 |    195 |   2 |  387.5 |
       Dungeon |    775 |    740 |     35 |    147 |    195 |   2 |  387.5 |
               +--------+--------+--------+--------+--------+-----+--------+

Top non-repeatable levels by time:
     D:1: 614 daAuts
     D:2: 161 daAuts
